 Dungeon Crawl Stone Soup version 0.30-a0-605-gb2882149bf (webtiles) character file.

Game seed: 2250128102221860584

146680 omnomnOMINOUS the Warrior (level 17, -10/136 (139) HPs)
             Began as an Octopode Wanderer on Jan 6, 2023.
             Killed by an exploding tarantella (23 damage)
             ... ignited by their inner flame
             ... on level 4 of the Spider Nest on Jan 7, 2023.
             The game lasted 02:51:23 (41627 turns).

omnomnOMINOUS the Warrior (Octopode Wanderer)      Turns: 41627, Time: 02:51:23

HP:   -10/136 (139) AC:  5    Str:  9    XL:     17   Next: 45%
MP:   45/45         EV: 30    Int: 20    God:
Gold: 510           SH: 10    Dex: 30    Spells: 21/24 levels left

rFire   + . .      SeeInvis .    a - +3 scimitar (flame)
rCold   + . .      Faith    +    y - +3 buckler {AC+3}
rNeg    . . .      Spirit   .    p - +1 hat
rPois   +          Reflect  .    d - amulet of faith
rElec   .          Harm     .    l - ring of flight
rCorr   .          Rampage  .    C - +6 ring of dexterity
Will    ++...      Clarity  +    G - ring of wizardry
Stlth   ++++++                   e - ring of protection from fire
HPRegen 0.42/turn                (no ring)
MPRegen 0.29/turn                X - ring of magical power
                                 Y - ring of Deanirgh {rPois rC+ Will+ MP+9 Int+2}
                                 T - +6 ring of dexterity

@: about to teleport, flying, slowed, lightly drained, very slow
A: almost no armour, amphibious, 8 rings, camouflage 1, gelatinous body 1,
(nimble swimmer 1), tentacles, tentacle spike 1, clarity, robust 1
a: no special abilities


You were on level 4 of the Spider Nest.
You visited 6 branches of the dungeon, and saw 27 of its levels.
You also visited: Ice Cave and Volcano.

You collected 3374 gold pieces.
You spent 2864 gold pieces at shops.

Inventory:

Hand Weapons
 a - a +3 scimitar of flaming (weapon)
 b - the +9 sling of Loip {antimagic, rCorr}
   (You bought it in a shop on level 2 of the Dungeon)

   rCorr:     It protects you from acid and corrosion.
 E - the +0 falchion "Mouraot" {heavy, Will+ rCorr Int+4 Dex+2}
   (You bought it in a shop on level 2 of the Dungeon)

   Int:       It affects your intelligence (+4).
   Dex:       It affects your dexterity (+2).
   rCorr:     It protects you from acid and corrosion.
   Will:      It increases your willpower.
 Q - a +2 triple sword of flaming
 R - the +2 dagger of the Snake Pit {antimagic, rC++}
   (You bought it in a shop on level 2 of the Dungeon)

   rC:        It greatly protects you from cold.
Missiles
 k - 5 curare-tipped darts
 m - 41 poisoned darts (quivered)
Armour
 p - a +1 hat (worn)
 y - a +3 buckler of protection (worn)
Magical Staves
 c - a staff of fire
 Z - a staff of poison
Jewellery
 d - an amulet of faith (around mantle)
 e - a ring of protection from fire (on tentacle)
 l - a ring of flight (left tentacle)
 C - a +6 ring of dexterity (right tentacle)
 G - a ring of wizardry (on tentacle)
 T - a +6 ring of dexterity (on tentacle)
 X - a ring of magical power (on tentacle)
 Y - the ring of Deanirgh (on tentacle) {rPois rC+ Will+ MP+9 Int+2}
   (You found it on level 12 of the Dungeon)

   [ring of willpower]

   Int:       It affects your intelligence (+2).
   rC:        It protects you from cold.
   rPois:     It protects you from poison.
   MP:        It affects your magic capacity (+9).
   Will:      It increases your willpower.
Wands
 q - a wand of charming (2)
 u - a wand of roots (10)
 B - a wand of polymorph (12)
 D - a wand of digging (13)
 K - a wand of flame (29)
Scrolls
 f - 3 scrolls of blinking
 g - 4 scrolls of silence
 i - 4 scrolls of immolation
 j - 2 scrolls of poison
 r - 3 scrolls of enchant weapon
 v - a scroll of butterflies
 x - 7 scrolls of teleportation
 z - 4 scrolls of noise
 A - 2 scrolls of enchant armour
 J - 4 scrolls of fog
 N - a scroll of magic mapping
 O - a scroll of brand weapon
Potions
 h - a potion of mutation
 n - 4 potions of magic
 t - a potion of might
 w - 2 potions of lignification
 F - 3 potions of flight
 H - a potion of haste
 I - a potion of cancellation
 L - a potion of ambrosia
 M - 8 potions of curing
 P - 2 potions of brilliance
 U - a potion of attraction
Miscellaneous
 o - a lightning rod (3/4)
 s - a tin of tremorstones (2/2)
 S - a box of beasts
 V - a piece from Xom's chessboard (13/15)
 W - a phial of floods


   Skills:
 + Level 15.6 Fighting
 * Level 7.9 Long Blades
 - Level 1.0 Staves
 - Level 14.0 Ranged Weapons
 + Level 15.6 Dodging
 - Level 8.0 Stealth
 - Level 5.0 Shields
 - Level 4.0 Spellcasting
 + Level 14.2 Invocations
 + Level 6.6 Evocations


You had 21 spell levels left.
You knew the following spells:

 Your Spells              Type           Power      Damage    Failure   Level
a - Apportation           Tloc           8%         N/A       6%          1
b - Blink                 Tloc           8%         N/A       10%         2

Your spell library contained the following spells:

 Spells                   Type           Power      Damage    Failure   Level
 Magic Dart               Conj           16%        1d3       6%          1
 Necrotise                Necr           16%        1d4       6%          1
 Summon Small Mammal      Summ           16%        N/A       6%          1
 Ensorcelled Hibernation  Hex/Ice        8%         N/A       10%         2
 Momentum Strike          Conj/Tloc      8%         3d8       10%         2
 Searing Ray              Conj           8%         2d4       10%         2
 Call Canine Familiar     Summ           4%         N/A       19%         3
 Gell's Gravitas          Tloc           4%         N/A       19%         3
 Ignite Poison            Fire/Tmut/Pois 4%         N/A       19%         3
 Inner Flame              Hex/Fire       4%         N/A       19%         3
 Lesser Beckoning         Tloc           8%         N/A       19%         3
 Ozocubu's Armour         Ice            4%         N/A       19%         3
 Portal Projectile        Hex/Tloc       8%         N/A       19%         3
 Spider Form              Tmut/Pois      4%         N/A       19%         3
 Teleport Other           Tloc           4%         N/A       19%         3
 Anguish                  Hex/Necr       2%         N/A       52%         4
 Flame Wave               Conj/Fire      4%         2d5       52%         4
 Fulminant Prism          Conj/Hex       2%         3d5       52%         4
 Iskenderun's Mystic Bla  Conj/Tloc      4%         2d3       52%         4
 Leda's Liquefaction      Hex/Erth       2%         N/A       52%         4
 Olgreb's Toxic Radiance  Pois           4%         N/A       52%         4
 Sticky Flame             Conj/Fire      4%         2d3       52%         4
 Summon Lightning Spire   Summ/Air       4%         N/A       52%         4
 Iskenderun's Battlesphe  Conj           4%         2d6       85%         5
 Iron Shot                Conj/Erth      2%         9d2       100%        6
 Ozocubu's Refrigeration  Ice            2%         4d7       100%        7
 Spellforged Servitor     Conj/Summ      2%         N/A       100%        7
 Storm Form               Tmut/Air       2%         N/A       100%        7
 Ignition                 Fire           2%         3d3       100%        8
 Maxwell's Capacitive Co  Air            2%         ∞         100%        8
 Chain Lightning          Conj/Air       2%         3d2       100%        9


Dungeon Overview and Level Annotations

Branches:
Dungeon (14/15)            Temple (1/1) D:4            Lair (5/5) D:8
 Shoals (0/4) Lair:2       Spider (4/4) Lair:2        Slime (0/5) Lair:4
    Orc (2/2) D:9             Elf (1/3) Orc:2         IceCv (visited)
Volcano (visited)
 Vaults: D:13-14

Altars:
Ashenzari
Cheibriados
Dithmenos
Elyvilon
Fedhas
Gozag
Hepliaklqana
Kikubaaqudgha
Makhleb
Nemelex Xobeh
Okawaru
Qazlal
Ru
Sif Muna
Trog
Uskayaw
Vehumet
Wu Jian
Xom
Yredelemnul
Zin
The Shining One
Jiyva
Lugonu

Shops:
D:2 (([(   D:3 =(![   D:5 [   D:9 ?*   Orc:2 [?*

Portals:
Abyss: Lair:5 Spider:2

Annotations:
D:13 2 transporters, demibob's ghost, journeyman TrCK
Spider:4 Agnes; Kirke


Innate Abilities, Weirdness & Mutations

You cannot wear most types of armour.
You are amphibious.
You can wear up to eight rings at the same time.
Your skin changes colour to match your surroundings (Stealth+).
Your rubbery body absorbs attacks. (AC +1, EV +1)
((You are camouflaged when in or above water. (Stealth+)))
You have tentacles for arms and can constrict up to eight enemies at once.
One of your tentacles bears a spike.
You possess an exceptional clarity of mind.
You are robust. (+10% HP)


Message History

The culicivora simulacrum vaporises!
Your butterfly explodes!
The fiery explosion engulfs your butterfly!!
Your butterfly disappears in a burst of colours!
The fiery explosion engulfs your butterfly!
Your butterfly disappears in a burst of colours!
The fiery explosion engulfs the torpor snail!!
Flame seeps out of the torpor snail.
The torpor snail is heavily wounded.
Your butterfly explodes!
The fiery explosion engulfs your butterfly!
Your butterfly disappears in a burst of colours!
The fiery explosion engulfs your butterfly!!
Your butterfly disappears in a burst of colours!
The fiery explosion engulfs your butterfly!!
Your butterfly disappears in a burst of colours!
The fiery explosion engulfs the torpor snail!!
Flame seeps out of the torpor snail.
The torpor snail is severely wounded.
The fiery explosion engulfs your butterfly!!
Your butterfly disappears in a burst of colours!
Your butterfly explodes! x2
The fiery explosion engulfs the torpor snail!!
The torpor snail explodes!
Your butterfly explodes! x3
The fiery explosion engulfs the jumping spider!!
Flame seeps out of the jumping spider.
The jumping spider is almost dead.
Your butterfly explodes!
The pharaoh ant explodes!
The fiery explosion engulfs you! You resist.
* * * LOW HITPOINT WARNING * * *
Your butterfly explodes!
The fiery explosion engulfs the redback simulacrum!!
The redback simulacrum melts!
The redback simulacrum vaporises!
You hear a sizzling sound!
The tarantella explodes!
The fiery explosion engulfs the wolf spider simulacrum!!!!
The wolf spider simulacrum melts!
The wolf spider simulacrum vaporises!
The fiery explosion engulfs you!! You resist.
You die... #. ##~ #.#.) ...s. ... .ss

##§##
###§§§###
#s§Z@§§§#
#§§§§§§§#
#§§§§§§§§§#
#§§§§#^○§b#
#§§§#
#§§.'. #§§§
^..#.. #[..
...# . ##[^
..##


You could see a broodmother (inner flame), a wolf spider (inner flame, soul
bound), a jumping spider (inner flame, soul bound), a redback (summoned, inner
flame) and a torpor snail simulacrum.

Vanquished Creatures
  Gastronok (Orc:1)
  2 emperor scorpions (Spider:4)
  A ghost moth (Spider:2)
  3 broodmothers (Spider:3)
  A very ugly thing (IceCv)
  A blizzard demon (Spider:3)
  4 entropy weavers
  A merfolk impaler (D:12)
  Erolcha (D:10)
  4 catoblepae
  A centaur warrior (D:13)
  A jorogumo (Spider:4)
  Erica (Orc:1)
  A radroach (Spider:2)
  2 boulder beetles
  7 hydras
  2 ogre magi (Orc:2)
  A merfolk avatar (D:12)
  9 two-headed ogres
  3 thrashing horrors (Lair:5)
  7 death yaks
  A hell knight (Volcano)
  2 skeletal warriors
  3 pharaoh ants
  A sun moth (Spider:4)
  A sixfirhy (Spider:2)
  6 orb spiders
  A deep troll (Orc:2)
  An orange crystal statue (IceCv)
  A steelbarb worm (Spider:4)
  A lindwurm (Lair:5)
  2 spectral wolf spiders (Spider:3)
  3 orc knights
  11 ugly things
  A mana viper (shapeshifter) (Lair:5)
  3 deep elf pyromancers
  An oklob plant (Lair:1)
  2 cyclopes
  A moth of wrath (Spider:1)
  An orc sorcerer (Orc:2)
  A wolf spider zombie (Spider:3)
  17 wolf spiders
  18 elephants
  A manticore (D:12)
  3 smoke demons
  8 black mambas
  4 torpor snails
  A black mamba (shapeshifter) (Lair:5)
  2 merfolk sirens (Lair:2)
  2 molten gargoyles (Volcano)
  10 cane toads
  2 gargoyles
  A demonic crawler (Spider:3)
  Maggie (D:7)
  A komodo dragon (shapeshifter) (D:14)
  An efreet (D:14)
  An unseen horror zombie (D:9)
  A rime drake (Lair:4)
  8 komodo dragons
  A freezing wraith (IceCv)
  3 ancient zymes (Lair:5)
  A red devil (Volcano)
  2 polar bears
  19 trolls
  4 wolf spider simulacra (Spider:3)
  2 merfolk (Lair:2)
  A meliai (shapeshifter) (Spider:3)
  10 tarantellas
  Prince Ribbit (D:7)
  20 blink frogs
  2 dream sheep (Lair:3)
  3 slime creatures
  A shadow (D:9)
  14 culicivoras
  2 ynoxinuls (Lair:5)
  53 yaks
  4 spriggans
  3 jumping spiders
  11 basilisks
  8 wraiths
  Eustachio (D:4)
  2 fire bats (Volcano)
  5 water elementals (D:12)
  4 wyverns
  A chaos spawn (Lair:5)
  3 steam dragons
  18 redbacks
  2 neqoxecs (Orc:1)
  4 wargs (Orc:2)
  A harpy simulacrum (IceCv)
  3 acid dragons
  A large abomination (Lair:5)
  A hell hound (Spider:2)
  13 water moccasins
  12 orc warriors
  2 sky beasts
  4 ice beasts
  4 black bears
  21 ogres
  6 wolves
  6 centaurs
  4 kobold brigands
  2 phantoms
  13 bullfrogs
  3 gnoll sergeants
  Blork the orc (D:4)
  A necrophage (D:6)
  A scorpion (D:3)
  9 small abominations (Lair:5)
  7 wights
  A troll zombie (D:9)
  13 killer bees
  2 lindwurm simulacra (IceCv)
  6 howler monkeys
  5 electric eels
  4 lava snakes (Volcano)
  A centaur zombie (D:9)
  3 hounds
  3 jellies
  A gnoll bouda (D:9)
  2 quasits (Orc:1)
  Crazy Yiuf (D:4)
  10 orc priests
  14 orc wizards
  Ijyb (D:3)
  7 hell rats
  3 iguanas
  5 ogre zombies (D:9)
  Robin (D:3)
  21 gnolls
  9 adders
  2 river rats
  2 white imps
  A worm (D:2)
  4 dart slugs
  37 orcs
  6 endoplasms
  2 giant cockroaches
  11 goblins
  12 hobgoblins
  5 quokkas
  4 ball pythons
  7 bats
  3 frilled lizards
  A goblin zombie (D:9)
  2 hobgoblin skeletons (D:9)
  3 hobgoblin zombies (D:9)
  15 kobolds
  3 orc skeletons (D:9)
  9 orc zombies (D:9)
  11 rats
  3 bushes (Lair:1)
  A butterfly (Lair:5)
  2 lurking horrors (Spider:2)
759 creatures vanquished.

Vanquished Creatures (collateral kills)
  Arachne (Spider:4)
  Rupert (Spider:1)
  An emperor scorpion (Spider:1)
  The ghost of Wekumecuw the Fey Demonspawn, a journeyman DsFi of Yredelemnul (Orc:1)
  A very ugly thing (IceCv)
  2 broodmothers
  Nessos (D:14)
  An ice dragon (Spider:1)
  A two-headed ogre (Orc:2)
  A pharaoh ant (Spider:1)
  A deep troll (Orc:2)
  2 orb spiders (Spider:1)
  8 wolf spiders
  A cyclops (Orc:2)
  A moth of wrath (Spider:1)
  An ice statue (Spider:1)
  2 torpor snails
  2 demonic crawlers
  A freezing wraith (IceCv)
  2 golden dragon simulacra (IceCv)
  2 trolls (Orc:2)
  3 tarantellas
  3 culicivoras
  5 jumping spiders
  5 slime creatures (D:12)
  3 neqoxecs (Orc:1)
  9 redbacks
  A warg (Orc:2)
  A harpy simulacrum (IceCv)
  4 orc warriors (Orc:2)
  4 ogres (Orc:2)
  2 alligator simulacra (IceCv)
  A killer bee (D:9)
  A howler monkey (D:9)
  2 quasits (Orc:1)
  An orc priest (Orc:2)
  4 orcs (Orc:2)
  4 kobolds (D:9)
87 creatures vanquished.

Vanquished Creatures (others)
  An orc warlord (Orc:2)
  A steelbarb worm (Spider:4)
  Joseph (D:9)
  A cane toad (Lair:3)
  A human (D:14)
  A howler monkey (D:8)
  A kobold (D:3)
  25 fungi
  64 plants
96 creatures vanquished.

Grand Total: 942 creatures vanquished

Notes
Turn   | Place    | Note
-------+----------+-------------------------------------------
     0 | D:1      | omnomnOMINOUS the Octopode Wanderer began the quest for the
                  | Orb.
     0 | D:1      | omnomnOMINOUS set off with the following items: a +2
                  | falchion, a +0 quarterstaff, a +0 buckler, a potion of
                  | lignification.
     0 | D:1      | Reached XP level 1. HP: 13/13 MP: 1/1
   226 | D:1      | Reached XP level 2. HP: 18/18 MP: 2/2
   302 | D:1      | Found a faded altar of an unknown god.
   313 | D:1      | Prayed at the altar of an unknown god.
   313 | D:1      | Became a worshipper of Elyvilon the Healer
   313 | D:1      | Reached * piety under Elyvilon
   685 | D:2      | Reached XP level 3. HP: 18/23 MP: 4/4
   722 | D:2      | Found Seurch's Armour Emporium.
   760 | D:2      | Found Xiung's Antique Weapon Shoppe.
   772 | D:2      | Reached skill level 1 in Spellcasting
   830 | D:2      | Found Appigoun's Antique Weapon Emporium.
  1125 | D:2      | Reached ** piety under Elyvilon
  1235 | D:2      | Found Ehikk's Antique Weapon Boutique.
  1283 | D:3      | Noticed Robin
  1381 | D:2      | Reached XP level 4. HP: 21/29 MP: 5/5
  1418 | D:3      | Killed Robin
  1566 | D:3      | Found Yxtewk's Armour Shop.
  1660 | D:3      | Reached XP level 5. HP: 31/34 MP: 7/7
  1674 | D:3      | Found Toss's Jewellery Boutique.
  1685 | D:3      | Noticed Ijyb
  1701 | D:3      | Killed Ijyb
  1882 | D:3      | Found a stormy altar of Qazlal.
  1889 | D:3      | Found Nasmyuwn's Weapon Boutique.
  1905 | D:3      | Found a sparkling altar of Nemelex Xobeh.
  1938 | D:3      | HP: 1/35 [something/magic dart (8)]
  2150 | D:2      | Bought a steaming falchion for 184 gold pieces
  2150 | D:2      | Identified the +0 falchion "Mouraot" {heavy, Will+ rCorr
                  | Int+4 Dex+2} (You bought it in a shop on level 2 of the
                  | Dungeon)
  2170 | D:3      | Found Lum Jep's Distillery.
  2246 | D:3      | Reached XP level 6. HP: 41/41 MP: 9/9
  2295 | D:3      | Found an ornate altar of the Wu Jian Council.
  2504 | D:4      | Found a hide-covered altar of Uskayaw.
  2742 | D:4      | Reached *** piety under Elyvilon
  2770 | D:4      | Found a runed translucent door.
  2771 | D:4      | Noticed Crazy Yiuf
  2773 | D:4      | Noticed Blork the orc
  2860 | D:4      | Noticed Eustachio
  2876 | D:4      | Killed Eustachio
  2877 | D:4      | Reached XP level 7. HP: 26/46 MP: 9/11
  2980 | D:4      | Found a staircase to the Ecumenical Temple.
  2987 | Temple   | Entered the Ecumenical Temple
  3290 | D:5      | Entered Level 5 of the Dungeon
  3614 | D:2      | Bought a jewelled sling for 149 gold pieces
  3614 | D:2      | Identified the +9 sling of Loip {antimagic, rCorr} (You
                  | bought it in a shop on level 2 of the Dungeon)
  3687 | D:4      | Killed Crazy Yiuf
  3702 | D:4      | Killed Blork the orc
  3739 | D:5      | Found a sacrificial altar of Ru.
  3905 | D:5      | Reached **** piety under Elyvilon
  3930 | D:5      | Reached skill level 1 in Ranged Weapons
  3930 | D:5      | Reached XP level 8. HP: 22/54 MP: 4/13
  4529 | D:5      | Found Pialil's Armour Shoppe.
  4686 | D:5      | Found a radiant altar of Vehumet.
  5282 | D:6      | Reached skill level 5 in Fighting
  5282 | D:6      | Reached skill level 5 in Shields
  5305 | D:6      | Reached skill level 5 in Dodging
  5308 | D:6      | Found a bloodstained altar of Trog.
  5348 | D:6      | Reached XP level 9. HP: 61/61 MP: 5/15
  5963 | D:7      | Noticed Prince Ribbit
  6254 | D:7      | Reached skill level 5 in Ranged Weapons
  6529 | D:7      | Noticed a troll
  6535 | D:7      | Killed a troll
  6674 | D:7      | Noticed Maggie
  6704 | D:7      | Killed Maggie
  6944 | D:7      | Killed Prince Ribbit
  7216 | D:7      | Reached XP level 10. HP: 32/69 MP: 4/16
  7666 | D:8      | Noticed a two-headed ogre
  7676 | D:8      | Killed a two-headed ogre
  8206 | D:8      | Noticed a death yak
  8206 | D:8      | Noticed a death yak
  8207 | D:8      | Noticed a death yak
  9043 | D:9      | Found Wytautec's Magic Scroll Boutique.
  9277 | D:9      | Reached XP level 11. HP: 40/77 MP: 5/17
  9501 | D:9      | Found Hely's Assorted Antiques.
  9504 | D:9      | Noticed Joseph
  9512 | D:9      | Gained mutation: Your body sometimes deteriorates upon
                  | taking damage. [potion of mutation]
  9512 | D:9      | Gained mutation: Your body often deteriorates upon taking
                  | damage. [potion of mutation]
  9512 | D:9      | Gained mutation: Your flesh is heat resistant. (rF+)
                  | [potion of mutation]
  9512 | D:9      | Gained mutation: You passively map a small area around you.
                  | [potion of mutation]
  9544 | D:9      | Your ally Joseph died
  9545 | D:9      | Reached skill level 10 in Ranged Weapons
  9891 | D:9      | Found a staircase to the Orcish Mines.
 10024 | D:8      | Found a staircase to the Lair.
 10061 | D:7      | Killed a death yak
 10688 | D:2      | Bought a +2 buckler of protection for 215 gold pieces
 10870 | Lair:1   | Entered Level 1 of the Lair of Beasts
 11113 | Lair:1   | Noticed an oklob plant
 11807 | Lair:1   | Killed an oklob plant
 12280 | D:7      | Killed a death yak
 12281 | D:7      | Reached XP level 12. HP: 51/86 MP: 6/18
 12829 | D:9      | Found a glowing golden altar of the Shining One.
 12832 | D:9      | Fell from the grace of Elyvilon
 12832 | D:9      | Became a worshipper of the Shining One
 12832 | D:9      | Reached * piety under the Shining One
 12832 | D:9      | Reached ** piety under the Shining One
 12934 | D:9      | Found a basalt altar of Yredelemnul.
 13067 | D:10     | Entered Level 10 of the Dungeon
 13115 | D:10     | Noticed Erolcha
 13128 | D:10     | Killed Erolcha
 13291 | D:10     | Lost mutation: Your body often deteriorates upon taking
                  | damage. [potion of mutation]
 13291 | D:10     | Lost mutation: You passively map a small area around you.
                  | [potion of mutation]
 13291 | D:10     | Lost mutation: Your body sometimes deteriorates upon taking
                  | damage. [potion of mutation]
 13291 | D:10     | Gained mutation: You possess an exceptional clarity of
                  | mind. [potion of mutation]
 13291 | D:10     | Lost mutation: You possess an exceptional clarity of mind.
                  | [potion of mutation]
 14049 | D:10     | Reached *** piety under the Shining One
 14423 | D:11     | Reached skill level 10 in Fighting
 14423 | D:11     | Reached skill level 10 in Dodging
 14450 | D:11     | Reached skill level 1 in Invocations
 14891 | D:12     | Noticed a boulder beetle
 14907 | D:12     | Found a transporter.
 14909 | D:12     | Found a viscous altar of Jiyva.
 14909 | D:12     | Found a transporter.
 15296 | D:8      | Killed a death yak
 15732 | Lair:1   | Reached XP level 13. HP: 73/93 MP: 6/19
 16193 | Lair:1   | HP: 4/93 [death yak (25)]
 16194 | Lair:1   | The Shining One protects you from harm!
 16921 | Lair:2   | Found a staircase to the Shoals.
 17148 | Lair:1   | Reached skill level 5 in Invocations
 17340 | D:2      | Bought a transparent rapier for 207 gold pieces
 17340 | D:2      | Identified the +9 rapier "Huggihech" {drain, *Slow rPois
                  | rC+ SInv} (You bought it in a shop on level 2 of the
                  | Dungeon)
 17357 | D:2      | Bought an ichor-stained dagger for 154 gold pieces
 17357 | D:2      | Identified the +2 dagger of the Snake Pit {antimagic, rC++}
                  | (You bought it in a shop on level 2 of the Dungeon)
 17384 | D:3      | Learned a level 1 spell: Apportation
 17387 | D:3      | Learned a level 2 spell: Blink
 17507 | Orc:1    | Entered Level 1 of the Orcish Mines
 17507 | Orc:1    | Noticed Gastronok
 17521 | Orc:1    | Killed Gastronok
 17833 | Orc:1    | Reached **** piety under the Shining One
 17835 | Orc:1    | Noticed Wekumecuw's ghost (journeyman DsFi)
 17845 | Orc:1    | Found a transporter.
 18085 | Orc:1    | Found a transporter.
 18122 | Orc:1    | Noticed Erica
 18133 | Orc:1    | Killed Erica
 18574 | Orc:2    | Entered Level 2 of the Orcish Mines
 18928 | Orc:2    | Noticed an orc warlord
 18999 | Orc:2    | Reached XP level 14. HP: 38/103 MP: 6/20
 19932 | D:3      | Bought a potion of heal wounds for 65 gold pieces
 19932 | D:3      | Bought a potion of curing for 39 gold pieces
 19932 | D:3      | Bought a potion of curing for 39 gold pieces
 20032 | D:9      | Bought a scroll of fear for 60 gold pieces
 20431 | Lair:2   | Found a hole to the Spider Nest.
 21372 | Lair:3   | Reached ***** piety under the Shining One
 22520 | Lair:4   | Found a viscous altar of Jiyva.
 22578 | Lair:4   | Found a staircase to the Slime Pits.
 23902 | Lair:5   | Entered Level 5 of the Lair of Beasts
 23935 | Lair:5   | Reached skill level 10 in Invocations
 24077 | Lair:5   | Reached XP level 15. HP: 67/111 MP: 1/22
 24592 | Lair:5   | Found a dark tunnel.
 24611 | Volcano  | Entered a volcano
 24764 | Volcano  | Found a radiant altar of Vehumet.
 24973 | Volcano  | Identified the +0 leather armour of the Spheres {rPois
                  | Str+3}
 25451 | Lair:5   | Found a glowing silver altar of Zin.
 26225 | Lair:5   | Found a corrupted altar of Lugonu.
 26225 | Lair:5   | Found a one-way gate to the infinite horrors of the Abyss.
 27061 | Orc:2    | Found Diehuch's General Store.
 27061 | Orc:2    | Found Oki Cuiss's Armour Shoppe.
 27066 | Orc:2    | Found Jiawef's Assorted Antiques.
 27067 | Orc:2    | Found Soqaiggi's Magic Scroll Shop.
 27389 | Orc:2    | Found a staircase to the Elven Halls.
 27707 | Elf:1    | Entered Level 1 of the Elven Halls
 29000 | D:12     | Found a runed translucent door.
 29001 | D:12     | Found a runed translucent door.
 29006 | D:12     | Found a runed translucent door.
 29926 | D:13     | Found a transporter.
 30059 | D:13     | Found a transporter.
 30060 | D:13     | Noticed demibob's ghost (journeyman TrCK)
 30062 | D:13     | Identified the +3 giant club "Aklu" {protect, rC- Str+2
                  | Int+5}
 30892 | D:13     | Reached skill level 1 in Stealth
 30924 | D:14     | Reached XP level 16. HP: 120/120 MP: 11/25
 31103 | D:14     | Noticed Nessos
 31115 | D:14     | Killed Nessos
 31824 | D:12     | Identified the ring of Deanirgh {rPois rC+ Will+ MP+9
                  | Int+2}
 31829 | D:12     | Identified the +1 cloak "Jephekhla" {rElec rC+ Slay-2}
 31831 | D:12     | Got the Grimoire of Impulse
 32092 | Orc:1    | Gained mutation: Your body sometimes deteriorates upon
                  | taking damage. [a neqoxec]
 32099 | Orc:1    | Killed Wekumecuw's ghost
 32223 | Orc:1    | Lost mutation: Your flesh is heat resistant. (rF+) [potion
                  | of mutation]
 32223 | Orc:1    | Lost mutation: Your body sometimes deteriorates upon taking
                  | damage. [potion of mutation]
 32223 | Orc:1    | Gained mutation: You possess an exceptional clarity of
                  | mind. [potion of mutation]
 32223 | Orc:1    | Gained mutation: One of your tentacles bears a spike.
                  | [potion of mutation]
 32223 | Orc:1    | Gained mutation: You are robust. (+10% HP) [potion of
                  | mutation]
 32426 | Spider:1 | Entered Level 1 of the Spider Nest
 32895 | Spider:1 | Noticed Rupert
 32907 | Spider:1 | Killed Rupert
 32931 | Spider:1 | Identified the +4 rapier of Fate {vamp, *Noise Str+4 Dex+2}
 32962 | Spider:1 | Found a frozen archway.
 33016 | Spider:1 | Reached skill level 15 in Fighting
 33016 | Spider:1 | Reached skill level 15 in Dodging
 33107 | IceCv    | Entered an ice cave
 33305 | IceCv    | Found a transporter.
 33317 | IceCv    | Found a transporter.
 33334 | IceCv    | Reached skill level 5 in Stealth
 33810 | D:3      | Bought an amulet of faith for 440 gold pieces
 34589 | Spider:2 | You are sucked into a shaft and drop 1 floor!
 34833 | Spider:2 | HP: 1/134 [wolf spider[a torpor snail] (12)]
 35181 | Spider:2 | Found a corrupted altar of Lugonu.
 35701 | Spider:2 | Reached skill level 5 in Evocations
 38331 | Spider:3 | Reached XP level 17. HP: 139/139 MP: 15/27
 38423 | Spider:4 | Entered Level 4 of the Spider Nest
 39414 | Spider:3 | Upgraded the game from 0.30-a0-596-g0af90f9a20 to
                  | 0.30-a0-605-gb2882149bf
 39593 | Orc:2    | Bought a scroll of acquirement for 832 gold pieces
 39593 | Orc:2    | Acquired 613 gold pieces
 39606 | Orc:2    | Bought a tin of tremorstones (2/2) for 480 gold pieces
 41117 | Spider:4 | Noticed Arachne
 41132 | Spider:4 | Killed Arachne
 41309 | Spider:4 | Noticed Agnes
 41312 | Spider:4 | Identified the +8 quarterstaff "Qirano" {speed, Will++
                  | Str-4 Int+5}
 41312 | Spider:4 | Noticed Kirke
 41627 | Spider:4 | Was placed under penance by the Shining One
 41627 | Spider:4 | Fell from the grace of the Shining One
 41627 | Spider:4 | Killed by an exploding tarantella... ignited by their inner
                  | flame

Illustrated notes

Levels and vault maps discovered:
D:1:      mrwooster_arrival_arrow, layout_loops_cross,
          ebering_ecumenical_altar_abandoned, minmay_misc_feat_tower
D:2:      layout_rooms, serial_shops, nicolae_shop_hallway_stairs, shop, shop,
          nicolae_shop_crystal, minmay_misc_feat_iff, serial_bayou_pond_d
D:3:      layout_loops_ring, mainiacjoe_overflow_24_doors,
          nicolae_qazlal_scattered_showers, mainiacjoe_overflow_alcove_1,
          serial_shops, nicolae_shop_trees, shop, nicolae_shop_advertising_works
          [nicolae_subvault_shop_adworks], nicolae_shop_hallway_stairs,
          solitary_fountain, uniq_robin, uniq_ijyb
D:4:      layout_basic, amcnicky_altar_gilded,
          minmay_temple_entry_gardened_gates, uniq_crazy_yiuf_cottage,
          uniq_eustachio, uniq_blork_the_orc
D:5:      layout_basic, kennysheep_little_box, mainiacjoe_overflow_catwalk,
          serial_shops, nicolae_shop_statue_plus, ldierk_geyser
D:6:      layout_loops_ring, trog_three_pillars_becter
D:7:      kb_forest_paths, layout_basic, uniq_maggie, uniq_prince_ribbit1
D:8:      layout_loops_ring, dpeg_lair_monsters
D:9:      layout_roguey, lemuel_zombie_altar_yredelemnul, tso_oasis_becter,
          zombieorc1_lemuel, enter_bailey_6, serial_shops, shop,
          nicolae_stop_n_shop_2, onia_ninara_cookie, uniq_joseph
D:10:     minmay_skewed_foursquare, layout_stronghold, uniq_erolcha
D:11:     layout_rooms
D:12:     gammafunk_jiyva_shrine, layout_basic, mikee_hates_you
D:13:     layout_rooms, gammafunk_ghost_smash, bh_walls_and_bars
D:14:     layout_irregular_city, ximxim_vaults_locker_room,
          kennysheep_flooded_box, uniq_azrael, uniq_nessos
Temple:   dshaligram_water_room_temple
Lair:1:   layout_long_grid, minmay_lair_oklob_bushes, kennysheep_abandoned_house
Lair:2:   layout_chaotic_city, elwin_shoals_entry_stream,
          spider_nest_entry_web_field, infiniplex_staircase_pool_2,
          grunt_megastairs_2
Lair:3:   nzn_winding_woodlands_stair_cross [nzn_winding_woodlands_5x15_twine,
          nzn_winding_woodlands_center_lodge,
          nzn_winding_woodlands_5x15_concentric,
          nzn_winding_woodlands_5x5_checkerboard,
          nzn_winding_woodlands_5x5_perimeter,
          nzn_winding_woodlands_5x15_zeroes,
          nzn_winding_woodlands_center_triple_pond,
          nzn_winding_woodlands_5x15_lazy_stream], layout_long_grid,
          wad_woods_02
Lair:4:   layout_gridlike, nicolae_slime_entry_field_trip, lookout_lair_type
Lair:5:   hellmonk_lair_end_abyssal_woods, layout_layer_cave,
          nicolae_volcano_entry_vermiform, basic_altar, lemuel_fruit_fields,
          grunt_megastairs_3, infiniplex_staircase_pool
Spider:1: layout_spider_delve, portal_ice_cave_entry_ice_statue_two, uniq_rupert
Spider:2: layout_chambers, amcnicky_altar_lugonu_corruption
Spider:3: layout_spider_delve, nicolae_spider_undead_wolf_pack
Spider:4: hellmonk_spider_rune_endless_swarm, hellmonk_deceptive_appearances,
          uniq_agnes, uniq_roxanne, uniq_kirke, uniq_arachne
Orc:1:    layout_caves, gammafunk_ghost_stat_death, uniq_gastronok, uniq_erica
Orc:2:    st_orc_open, layout_caves
Elf:1:    eino_elf_arrival_altar, layout_geoelf_grid, serial_shops,
          nicolae_shop_overgrown_old_shop, serial_sigils,
          serial_sigils_hangedman_scratch, serial_sigils_hangedman_snap,
          serial_sigils_hangedman_carve, serial_sigils_hangedman_gut,
          serial_sigils_hangedman_leer, serial_sigils_hangedman_stare,
          st_stairs_14

Skill      XL: |  1  2  3  4  5  6  7  8  9 10 11 12 13 14 15 16 17 |
---------------+----------------------------------------------------+-----
Spellcasting   | 1 2 3 4 |  4.0
Shields        | 2 3 4 5 |  5.0
Fighting       | 2 3 4 5 6 8 9 10 12 13 14 15 | 15.6
Dodging        | 2 3 4 5 6 8 9 10 12 13 14 15 | 15.6
Ranged Weapons | 1 4 7 9 11 13 14 | 14.0
Invocations    | 3 7 10 12 13 14 | 14.2
Stealth        | 1 6 8 |  8.0
Evocations     | 5 6 |  6.6
Long Blades    | 6 7 |  7.9
Staves         | |  1.0

Action                   |  1- 3 |  4- 6 |  7- 9 | 10-12 | 13-15 | 16-18 || total
-------------------------+-------+-------+-------+-------+-------+-------++-------
Melee: Falchion          |    79 |    88 |    57 |     2 |       |       ||   226
       Constrict         |    17 |    22 |     7 |       |       |    10 ||    56
       Tentacles         |    10 |    21 |     9 |     1 |       |    26 ||    67
       Punch             |     1 |     1 |     2 |       |       |       ||     4
       Scimitar          |       |       |       |       |       |    61 ||    61
       Kick              |       |       |       |       |       |    41 ||    41
 Fire: Sling             |       |       |   222 |   918 |  1811 |   890 ||  3841
Throw: Dart              |       |     3 |     7 |       |     2 |     4 ||    16
 Cast: Blink             |       |       |       |       |     4 |       ||     4
       Apportation       |       |       |       |       |     4 |       ||     4
Invok: Heal Self         |       |       |     1 |     5 |       |       ||     6
       Purification      |       |       |       |     1 |       |       ||     1
       Divine Shield     |       |       |       |       |     4 |     5 ||     9
       Cleansing Flame   |       |       |       |       |     3 |     7 ||    10
       Summon Divine War |       |       |       |       |     1 |    15 ||    16
Evoke: Wand              |       |     3 |     4 |     7 |    10 |    21 ||    45
       Lightning rod     |       |       |       |       |     6 |     1 ||     7
       Box of beasts     |       |       |       |       |       |     2 ||     2
       Piece from Xom's  |       |       |       |       |       |     8 ||     8
       Phial of floods   |       |       |       |       |       |     1 ||     1
  Use: Potion            |       |     5 |     6 |     8 |     8 |     7 ||    34
       Scroll            |       |       |       |    19 |    25 |    12 ||    56
 Stab: Sleeping          |     9 |     8 |       |       |       |       ||    17
Armor: Skin              |     7 |     5 |    15 |    20 |    72 |    52 ||   171
Dodge: Dodged            |    42 |    49 |    92 |   283 |   608 |   812 ||  1886
Block: Buckler           |    12 |    15 |    26 |   157 |   368 |   431 ||  1009

Table legend: (Time is in decaauts)
 A = Elapsed time spent in this place.
 B = Non-inter-level travel time spent in this place.
 C = Inter-level travel time spent in this place.
 D = Time resting spent in this place.
 E = Time spent auto-exploring this place.
 F = Levels seen in this place.
 G = Mean time per level.
                   A        B        C        D        E       F      G
               +--------+--------+--------+--------+--------+-----+--------+
         Total |  41064 |  35722 |   5342 |  10842 |  17501 |  29 | 1416.0 |
       Dungeon |  19717 |  16880 |   2837 |   4856 |   8715 |  14 | 1408.4 |
        Temple |    121 |    107 |     14 |      0 |     59 |   1 |  121.0 |
          Lair |   9225 |   8263 |    962 |   2183 |   4154 |   5 | 1845.0 |
   Spider Nest |   7793 |   7215 |    578 |   3004 |   3019 |   4 | 1948.2 |
  Orcish Mines |   3339 |   2389 |    950 |    684 |   1110 |   2 | 1669.5 |
   Elven Halls |      1 |      1 |      0 |      0 |      0 |   1 |    1.0 |
      Ice Cave |    333 |    333 |      0 |      0 |    262 |   1 |  333.0 |
       Volcano |    530 |    530 |      0 |    114 |    181 |   1 |  530.0 |
               +--------+--------+--------+--------+--------+-----+--------+

Top non-repeatable levels by time:
Spider:3: 3424 daAuts
  Lair:1: 2633 daAuts
     D:8: 2555 daAuts
   Orc:1: 2433 daAuts
     D:7: 2261 daAuts
Spider:2: 2217 daAuts
    D:12: 2098 daAuts
  Lair:3: 2069 daAuts
  Lair:5: 1987 daAuts
     D:9: 1947 daAuts
     D:5: 1567 daAuts
  Lair:2: 1557 daAuts
    D:10: 1418 daAuts
     D:3: 1215 daAuts
    D:13: 1202 daAuts
